 Dungeon Crawl Stone Soup version 0.25-a0-435-g4b9beb1024 (webtiles) character file.

Game seed: 783170223163414673, levelgen mode: deterministic

13468 Bikalo the Cleaver (level 12, 0/97 HPs)
             Began as a Formicid Fighter on Jan 28, 2020.
             Was an Initiate of Gozag.
             Killed from afar by a deep elf mage (11 damage)
             ... with a bolt of magma
             ... on level 11 of the Dungeon.
             The game lasted 00:24:15 (12075 turns).

Bikalo the Cleaver (Formicid Fighter)              Turns: 12075, Time: 00:24:15

Health: 0/97       AC: 20    Str: 26    XL:     12   Next: 33%
Magic:  12/12      EV: 23    Int: 13    God:    Gozag
Gold:   76         SH: 19    Dex: 17    Spells: 11/11 levels left

rFire    . . .     SeeInvis +   K - +0 battleaxe (vorpal)
rCold    . . .     Gourm    .   P - +0 large shield
rNeg     . . .     Faith    .   j - +7 scale mail of Entitlement {Int+2 Dex+7}
rPois    .         Spirit   .   (helmet unavailable)
rElec    .         Reflect  .   Q - scarf {repulsion}
rCorr    .         Harm     .   O - +0 pair of gloves
MR       +....                  J - +2 pair of boots {run}
Stlth    ..........             k - amulet of the acrobat
HPRegen  0.26/turn              z - +3 ring of intelligence
MPRegen  0.13/turn              N - ring of see invisible

@: acrobat, repel missiles, quick
A: permanent stasis, dig shafts and tunnels, four strong arms, antennae 3
a: Dig, Shaft Self, Potion Petition, Call Merchant, Bribe Branch, Renounce
Religion


You were on level 11 of the Dungeon.
You worshipped Gozag.
Gozag was noncommittal.
You were not hungry.

You visited 2 branches of the dungeon, and saw 12 of its levels.
You also visited: Sewer, Ossuary and Bailey.

You collected 2105 gold pieces.
You spent 1427 gold pieces at shops.
You paid 602 gold pieces to Gozag.

Inventory:

Hand Weapons
 K - a +0 vorpal battleaxe (weapon)
Armour
 a - a +3 plate armour of fire resistance
 c - a +0 shield
 j - the +7 scale mail of Entitlement (worn) {Int+2 Dex+7}
   (You bought it in a shop on level 5 of the Dungeon)

   It affects your intelligence (+2).
   It affects your dexterity (+7).
   If you remove this armour, your AC will fall 16 points (20 -> 4)
 w - a +1 cloak of poison resistance
 y - a +3 leather armour of cold resistance
 J - a +2 pair of boots of running (worn)
 O - a +0 pair of gloves (worn)
 P - a +0 large shield (worn)
 Q - a scarf of repulsion (worn)
Jewellery
 k - an amulet of the acrobat (around neck)
 z - a +3 ring of intelligence (left hand)
 E - an uncursed amulet of magic regeneration
 H - the amulet of Xom's Outrage {+Rage Int+5}
   (You found it on level 8 of the Dungeon)

   [amulet of rage]

   It affects your intelligence (+5).
   It lets you go berserk.
 N - a ring of see invisible (right hand)
Wands
 t - a wand of enslavement (2)
 u - a wand of acid (24)
 x - a wand of polymorph (10)
 A - a wand of random effects (13)
 D - a wand of disintegration (21)
 I - a wand of flame (30)
Scrolls
 b - 2 scrolls of fog
 l - 2 scrolls of fear
 n - 9 scrolls of identify
 o - 2 scrolls of amnesia
 s - 5 scrolls of enchant weapon
 v - 2 scrolls of remove curse
 B - a scroll of vulnerability
Potions
 d - a potion of might
 e - 4 potions of flight
 g - 3 potions of heal wounds
 h - 2 potions of magic {unknown}
 i - 5 potions of curing
 m - 3 potions of lignification
 p - a potion of resistance {unknown}
 q - a potion of brilliance
 r - a potion of degeneration {unknown}
 C - a potion of cancellation {unknown}
 F - 2 potions of agility
 G - a potion of haste {unknown}
 L - a potion of invisibility {unknown}
 M - a potion of ambrosia {unknown}
Comestibles
 f - 20 rations


   Skills:
 + Level 10.0 Fighting
 * Level 12.0 Axes
 + Level 10.0 Armour
 + Level 10.7 Shields


You had 11 spell levels left.
You didn't know any spells.
Your spell library contained the following spells:

 Spells                   Type           Power        Failure   Level  Hunger
 Corona                   Hex            #......      83%         1    ##.....
 Foxfire                  Conj/Fire      #...         83%         1    ##.....
 Sting                    Tmut/Pois      #...         83%         1    ##.....
 Ensorcelled Hibernation  Hex/Ice        #.....       93%         2    ###....
 Confusing Touch          Hex            #.......     99%         3    ####...
 Conjure Flame            Conj/Fire      #.......     99%         3    ####...
 Dazzling Flash           Conj/Hex       #.....       99%         3    ####...
 Mephitic Cloud           Conj/Pois/Air  #.......     99%         3    ####...
 Tukima's Dance           Hex            #.......     99%         3    ####...
 Olgreb's Toxic Radiance  Pois           #.......     100%        4    #####..


Dungeon Overview and Level Annotations

Branches:
Dungeon (11/15)            Temple (1/1) D:6            Lair (0/6) D:10
  Sewer (visited)         Ossuary (visited)          Bailey (visited)
    Orc: D:9-12

Altars:
Elyvilon
Fedhas
Gozag
Kikubaaqudgha
Makhleb
Nemelex Xobeh
Ru
Sif Muna
Vehumet
Wu Jian
Xom
Yredelemnul

Shops:
D:5 [}[[   D:10 }}[(?   D:11 [


Innate Abilities, Weirdness & Mutations

You cannot be hasted, slowed, berserked, paralysed or teleported.
You can dig through walls and to a lower floor.
Your four strong arms can wield two-handed weapons with a shield.
You have a pair of large antennae on your head. (SInv)


Message History

The deep elf mage is lightly wounded.
You slash the earth elemental!
The deep elf mage casts a spell.
You block the earth elemental's attack.
You barely miss the deep elf mage.
The deep elf mage is lightly wounded.
You slash the earth elemental!
You destroy the earth elemental!
The earth elemental disappears in a puff of smoke!
The deep elf mage gestures wildly while chanting.
You hit the deep elf mage but do no damage.
The deep elf mage is lightly wounded.
You hit the earth elemental but do no damage.
The deep elf mage gestures at you while chanting.
The stone arrow hits you!!
* * * LOW HITPOINT WARNING * * *
The deep elf mage points at you and mumbles some strange words.
The bolt of magma hits you!
You die...
Your body crumbles into a pile of gold.

≈≈≈..# { ≈≈≈.# ##+##
#≈≈.# ##...## { #≈≈.#
##.....#### {{ #≈≈.#
##.......... {{
#≈≈.####.........# {
#≈$.$..'.........+
#≈≈..###$........####
≈≈≈≈≈≈..#
##.@.E....##..
≈≈e≈≈≈..##
##..E..#.##.#
........#
##eE.##.##.#
######..<
##)###.##.###^# ##.#
#.# #.......[# #..
#.# ####.##### ##
##.######.#
##(.<....(.#
#.....###..#


You could see 3 earth elementals and a deep elf mage.

Vanquished Creatures
  A two-headed ogre (D:8)
  The ghost of anet the Bolt Thrower, a novice GrWz of Ashenzari (D:8)
  Nergalle (D:11)
  An unseen horror (D:7)
  Pikel (D:4)
  A deep elf mage (D:11)
  A gargoyle (D:11)
  2 trolls
  2 hornets (D:9)
  A queen bee (D:9)
  A hippogriff (D:8)
  Sigmund (D:6)
  A wyvern (D:7)
  A shadow (D:11)
  2 hungry ghosts (D:9)
  Eustachio (D:4)
  4 yaks (D:9)
  An acid dragon (D:11)
  2 soldier ants (D:9)
  A water moccasin (D:11)
  7 orc warriors
  3 ice beasts
  3 phantoms
  2 sky beasts
  2 necrophages
  8 ogres
  An eye of draining (D:9)
  8 centaurs
  4 big kobolds
  7 bullfrogs
  A gnoll sergeant (D:9)
  5 scorpions
  23 killer bees
  5 wights (D:11)
  2 electric eels (D:11)
  5 howler monkeys (D:9)
  A centaur zombie (D:9)
  A bullfrog zombie (D:6)
  5 crimson imps
  A quasit (D:9)
  8 hounds
  2 jellies
  2 orc wizards
  5 orc priests
  Crazy Yiuf (D:3)
  2 bullfrog skeletons
  A centaur skeleton (D:9)
  Ijyb (D:3)
  Natasha (thrice) (D:3)
  3 worker ants
  5 big kobold zombies (Ossuary)
  2 hound skeletons
  A mummy (Ossuary)
  2 worker ant zombies
  13 gnolls
  A howler monkey skeleton (D:4)
  8 adders
  2 river rats (Sewer)
  4 shadow imps
  2 oozes
  An adder zombie (D:9)
  5 worms
  A leopard gecko (D:5)
  31 orcs
  5 spectral bats (Ossuary)
  2 ball pythons
  3 giant cockroaches
  7 goblins
  7 hobgoblins
  17 jackals
  19 kobolds
  8 quokkas
  8 bats
  A bat simulacrum (Ossuary)
  4 frilled lizards
  A giant cockroach zombie (D:5)
  7 gnoll zombies (Ossuary)
  3 goblin simulacra (Ossuary)
  3 goblin zombies (Ossuary)
  3 hobgoblin zombies (Ossuary)
  5 kobold simulacra (Ossuary)
  8 kobold zombies (Ossuary)
  3 leopard gecko skeletons
  4 orc zombies (Ossuary)
  A quokka skeleton (D:8)
  7 rats
  2 rat simulacra (Ossuary)
  2 spectral rats (Ossuary)
  A fungus (D:3)
358 creatures vanquished.

Vanquished Creatures (others)
  A human (D:3)
  A killer bee (D:9)
  A quokka (D:4)
3 creatures vanquished.

Grand Total: 361 creatures vanquished

Notes
Turn   | Place    | Note
-------+----------+-------------------------------------------
     0 | D:1      | Bikalo the Formicid Fighter began the quest for the Orb.
     0 | D:1      | Reached XP level 1. HP: 18/18 MP: 1/1
    73 | D:1      | Reached XP level 2. HP: 22/24 MP: 2/2
   529 | D:1      | Reached XP level 3. HP: 21/29 MP: 3/3
  1139 | D:2      | Reached XP level 4. HP: 30/37 MP: 4/4
  1169 | D:2      | Reached skill level 3 in Axes
  1543 | D:3      | Found an ancient bone altar of Kikubaaqudgha.
  1650 | D:3      | Noticed Ijyb
  1669 | D:3      | Killed Ijyb
  1677 | D:3      | Noticed Natasha
  1683 | D:3      | Killed Natasha
  1683 | D:3      | Reached XP level 5. HP: 37/42 MP: 5/5
  1863 | D:3      | Noticed Natasha
  1866 | D:3      | Killed Natasha
  2050 | D:3      | Reached XP level 6. HP: 48/48 MP: 6/6
  2109 | D:3      | Noticed Natasha
  2114 | D:3      | Killed Natasha
  2114 | D:3      | Reached skill level 4 in Axes
  2151 | D:3      | Noticed a human
  2152 | D:3      | Killed a human
  2227 | D:3      | Found a runed translucent door.
  2228 | D:3      | Noticed Crazy Yiuf
  2235 | D:3      | Killed Crazy Yiuf
  2444 | D:4      | Noticed Eustachio
  2457 | D:4      | Killed Eustachio
  2457 | D:4      | Reached skill level 5 in Shields
  2457 | D:4      | Reached XP level 7. HP: 42/55 MP: 7/7
  2567 | D:4      | Found a burning altar of Makhleb.
  3013 | D:3      | Reached skill level 5 in Axes
  3760 | D:4      | Reached skill level 5 in Fighting
  3760 | D:4      | Reached skill level 5 in Armour
  3821 | D:4      | Got a jewelled chain mail
  3828 | D:4      | Identified the +1 chain mail "Logufos" {SInv} (You found it
                  | on level 4 of the Dungeon)
  3839 | D:4      | Noticed Pikel
  3866 | D:4      | Killed Pikel
  3866 | D:4      | Reached skill level 6 in Axes
  3866 | D:4      | Reached XP level 8. HP: 34/64 MP: 8/8
  4176 | D:5      | Entered Level 5 of the Dungeon
  4195 | D:5      | Found a glowing drain.
  4210 | Sewer    | Entered a sewer
  4308 | Sewer    | Found a white marble altar of Elyvilon.
  4425 | D:5      | Found Juynleug's Antique Armour Shoppe.
  4435 | D:5      | Bought a bloodstained scale mail for 216 gold pieces
  4435 | D:5      | Identified the +7 scale mail of Entitlement {Int+2 Dex+7}
                  | (You bought it in a shop on level 5 of the Dungeon)
  4466 | D:5      | Found Witokhomo's Antique Armour Boutique.
  4500 | D:5      | Reached XP level 9. HP: 42/69 MP: 9/9
  4711 | D:5      | Found Cyps's Gadget Shoppe.
  4780 | D:5      | Found Bucenok's Antique Armour Boutique.
  4826 | D:5      | Reached skill level 7 in Axes
  5218 | D:6      | Found a sand-covered staircase.
  5232 | Ossuary  | Entered an ossuary
  5764 | D:6      | Reached skill level 8 in Axes
  5900 | D:6      | Found a staircase to the Ecumenical Temple.
  6075 | D:6      | Noticed Sigmund
  6093 | D:6      | Killed Sigmund
  6093 | D:6      | Reached XP level 10. HP: 59/79 MP: 10/10
  6763 | D:7      | Reached skill level 9 in Axes
  6810 | D:7      | Noticed an unseen horror
  6824 | D:7      | Killed an unseen horror
  7184 | Temple   | Entered the Ecumenical Temple
  7297 | Temple   | Became a worshipper of Gozag Ym Sagoz the Greedy
  7365 | D:8      | Noticed anet's ghost (novice GrWz)
  7366 | D:8      | Found a runed translucent door.
  7394 | D:8      | Killed anet's ghost
  7788 | D:8      | Found a flagged portal.
  7799 | Bailey   | Entered a bailey
  7873 | Bailey   | Reached skill level 10 in Axes
  7874 | Bailey   | Found a bloodstained altar of Trog.
  7887 | Bailey   | Identified the Volume of Blistering Toxins
  8034 | D:8      | Noticed a two-headed ogre
  8080 | D:8      | Killed a two-headed ogre
  8080 | D:8      | Reached XP level 11. HP: 68/87 MP: 11/11
  8084 | D:8      | Got a translucent crystal amulet
  8092 | D:8      | Identified the amulet of Xom's Outrage {+Rage Int+5} (You
                  | found it on level 8 of the Dungeon)
  8960 | D:5      | Bought a pair of embroidered boots for 217 gold pieces
  8965 | D:5      | Identified a +2 pair of boots of running (You bought it in
                  | a shop on level 5 of the Dungeon)
  9061 | D:10     | Entered Level 10 of the Dungeon
  9152 | D:9      | Reached skill level 11 in Axes
  9309 | D:9      | Reached skill level 10 in Shields
 10416 | D:10     | Found Tohoygiu's Magic Scroll Shop.
 10488 | D:10     | Found a staircase to the Lair.
 10510 | D:10     | Reached XP level 12. HP: 73/96 MP: 12/12
 10536 | D:10     | Found Jeuz's Antique Weapon Emporium.
 10540 | D:10     | Bought a glowing battleaxe for 228 gold pieces
 10631 | D:10     | Found Buacvoov's Antique Armour Emporium.
 10656 | D:10     | Bought a shiny plate armour for 494 gold pieces
 10926 | D:10     | Found Mietzuga's Gadget Shop.
 11040 | D:10     | Found Jystan's Gadget Shop.
 11465 | D:11     | Noticed Nergalle
 11488 | D:11     | Killed Nergalle
 11501 | D:11     | Found Syc Pina's Armour Boutique.
 11733 | D:11     | Bought a +0 pair of gloves for 58 gold pieces
 11733 | D:11     | Bought a +0 large shield for 58 gold pieces
 11733 | D:11     | Bought a scarf of repulsion for 156 gold pieces
 11986 | D:11     | Reached skill level 12 in Axes
 12008 | D:11     | Reached skill level 10 in Armour
 12040 | D:11     | Reached skill level 10 in Fighting
 12075 | D:11     | Killed from afar by a deep elf mage

Levels and vault maps discovered:
D:1:      onia_arrival_pyramid, layout_basic, minmay_pentomino_q4
D:2:      layout_basic
D:3:      layout_loops_cross, first_ration, tgw_kikubaaqudgha, uniq_ijyb,
          uniq_crazy_yiuf_cottage, uniq_natasha
D:4:      wad_river_or_something, layout_basic, nicolae_overflow_hidden_temple,
          uniq_pikel, uniq_eustachio
D:5:      layout_basic, serial_shops, kennysheep_little_box, shop_statue,
          shop_statue, nicolae_shop_temple_entry_statues_fountains,
          cheibrodos_sewer_entry_drain
D:6:      layout_gridville, minmay_temple_entry_wispy, enter_ossuary_1,
          grunt_ministairs_1, uniq_sigmund
D:7:      minmay_chambers_of_sixes, layout_loops_ring
D:8:      minmay_chambers_of_fours, layout_gridville, enter_bailey_2,
          hellmonk_ghost_happy_afterlife
D:9:      layout_long_grid, special_room [special_room_bee],
          hangedman_pestilent_swarm
D:10:     layout_basic, lair_entry_dummy, serial_shops, shop, shop,
          nicolae_shop_behind_doors, shop,
          nicolae_shop_temple_entry_statues_fountains
D:11:     layout_loops_corners, kennysheep_orc_monster_closet_entryway,
          serial_shops, shop, chequers_serial_rivers_room_b,
          elves_outpost_lemuel, uniq_nergalle
Temple:   roderic_octagonal_lattice_temple

Skill      XL: |  1  2  3  4  5  6  7  8  9 10 11 12 |
---------------+-------------------------------------+-----
Shields        | 4 5 6 7 9 10 | 10.7
Axes           | 3 4 6 8 10 11 12 | 12.0
Armour         | 4 5 6 7 8 9 10 | 10.0
Fighting       | 4 5 6 7 8 9 10 | 10.0

Action                   |  1- 3 |  4- 6 |  7- 9 | 10-12 || total
-------------------------+-------+-------+-------+-------++-------
Melee: War axe           |    88 |   113 |   396 |   179 ||   776
       Broad axe         |       |       |       |   389 ||   389
       Battleaxe         |       |       |       |   127 ||   127
Invok: Potion Petition   |       |       |       |     2 ||     2
Evoke: Wand              |       |       |       |     1 ||     1
  Use: Scroll            |       |       |    11 |     5 ||    16
       Potion            |       |       |     7 |     5 ||    12
 Stab: Distracted        |       |       |       |     5 ||     5
  Eat: Chunk             |       |     5 |    12 |     4 ||    21
       Ration            |       |       |       |     6 ||     6
Armor: Scale mail        |    30 |    37 |    97 |   300 ||   464
       Leather armour    |       |       |    29 |       ||    29
       Plate armour      |       |       |       |    45 ||    45
Dodge: Dodged            |    34 |    40 |   148 |   301 ||   523
       Deflected         |       |       |       |     1 ||     1
Block: Shield            |    47 |    37 |   188 |   527 ||   799
       Large shield      |       |       |       |    39 ||    39

Table legend:
 A = Non-vault XP
 B = Vault XP
 C = Vault XP percentage of total XP
 D = Non-vault monster count
 E = Vault monster count
 F = Vault count percentage of total count
                 A         B        C        D         E       F
            +---------+---------+-------+---------+---------+-------
      Total |   10456 |    8785 |  45.7 |     234 |     123 |  34.5
            +---------+---------+-------+---------+---------+-------
        D:1 |      26 |       6 |  18.8 |      12 |       4 |  25.0
        D:2 |      50 |       0 |   0.0 |      14 |       0 |   0.0
        D:3 |     262 |     111 |  29.8 |      19 |       3 |  13.6
        D:4 |     273 |     935 |  77.4 |       9 |       6 |  40.0
        D:5 |     535 |       6 |   1.1 |      22 |       2 |   8.3
        D:6 |    1324 |     263 |  16.6 |      32 |       2 |   5.9
        D:7 |     688 |     916 |  57.1 |      13 |       4 |  23.5
        D:8 |    1037 |    1733 |  62.6 |      18 |       5 |  21.7
        D:9 |    3398 |    2522 |  42.6 |      44 |      25 |  36.2
       D:10 |    1049 |     185 |  15.0 |      27 |       3 |  10.0
       D:11 |    1814 |    1348 |  42.6 |      24 |       2 |   7.7
      Sewer |       0 |     142 | 100.0 |       0 |      12 | 100.0
    Ossuary |       0 |     203 | 100.0 |       0 |      49 | 100.0
     Bailey |       0 |     415 | 100.0 |       0 |       6 | 100.0
            +---------+---------+-------+---------+---------+-------
